 Dungeon Crawl Stone Soup version 0.29.0-4-gdea44cf6ec (webtiles) character file.

Game seed: 1629994341632058294

457 qw the Chopper (level 7, -3/41 HPs)
             Began as a Tengu Warper on Aug 28, 2022.
             Slain by a gnoll bouda
             ... wielding a +0 club
              (9 damage)
             ... on level 4 of the Dungeon.
             The game lasted 00:00:17 (3214 turns).

qw the Chopper (Tengu Warper)                       Turns: 3214, Time: 00:00:18

Health: -3/41      AC:  6    Str: 14    XL:     7   Next: 6%
Magic:  11/11      EV: 11    Int: 13    God:
Gold:   74         SH:  0    Dex: 13    Spells: 10/10 levels left

rFire   . . .      SeeInvis .   Y - +0 hand axe
rCold   . . .      Faith    .   (no shield)
rNeg    . . .      Spirit   .   e - +0 scale mail
rPois   .          Reflect  .   (helmet restricted)
rElec   .          Harm     .   (no cloak)
rCorr   .          Rampage  .   (no gloves)
Will    .....                   (boots unavailable)
Stlth   ..........              (no amulet)
HPRegen 0.13/turn               (no ring)
MPRegen 0.12/turn               (no ring)

@: weakened, flying quickly and evasively, quick
A: beak, talons 3, nimble flight
a: no special abilities


You were on level 4 of the Dungeon.
You visited 1 branch of the dungeon, and saw 3 of its levels.
You also visited: Sewer.

You collected 74 gold pieces.


Innate Abilities, Weirdness & Mutations

You have a beak for a mouth.
You have claws for feet.
Your magical nature lets you fly swiftly and evasively.


   Skills:
 - Level 3.2 Fighting
 + Level 7.5 Axes
 - Level 1.0 Throwing
 - Level 1.1 Armour
 - Level 2.1 Dodging
 - Level 2.0 Spellcasting
 - Level 2.4 Translocations


You had 10 spell levels left.
You didn't know any spells.
Your spell library contained the following spells:

 Spells                   Type           Power      Damage    Failure   Level
 Blink                    Tloc           14%        N/A       54%         2
 Gell's Gravitas          Tloc           7%         N/A       77%         3
 Lesser Beckoning         Tloc           7%         N/A       77%         3
 Teleport Other           Tloc           7%         N/A       77%         3
 Manifold Assault         Tloc           7%         N/A       100%        5

Inventory:

Hand Weapons
 j - a +0 flail
 Y - a +0 hand axe (weapon)
Armour
 e - a +0 scale mail (worn)
Jewellery
 b - the ring "Oteof" {*Corrode Str-4 Int+5 Slay+2 SInv}
   (You found it on level 4 of the Dungeon)

   [ring of see invisible]

   Str:       It affects your strength (-4).
   Int:       It affects your intelligence (+5).
   Slay:      It affects your accuracy & damage with ranged weapons and melee
   (+2).
   SInv:      It lets you see invisible.
   *Corrode:  It may corrode you when you take damage.
Scrolls
 d - 2 scrolls of identify
Potions
 a - a potion of degeneration {unknown}
 c - a potion of ambrosia {unknown}
 g - a potion of lignification {unknown}
 h - a potion of heal wounds {unknown}
 i - a potion of curing
 k - a potion of flight {unknown}

Dungeon Overview and Level Annotations

Branches:
Dungeon (4/15)              Sewer (visited)
 Temple: D:4-7

Altars:
The Shining One


Message History

You rip the net and break free!
The gnoll closely misses you. The gnoll bouda closely misses you.
You hit the gnoll bouda but do no damage.
You claw the gnoll bouda, but do no damage.
You peck the gnoll bouda, but do no damage.
The gnoll bouda is lightly wounded.
You hit the gnoll but do no damage. The gnoll hits you with a +0 flail!
You completely miss the gnoll bouda. Your peck misses the gnoll bouda.
The gnoll bouda is lightly wounded.
You hit the gnoll. The gnoll bouda barely misses you.
The gnoll hits you with a +0 flail.
You closely miss the gnoll bouda. You peck the gnoll bouda.
The gnoll bouda is lightly wounded.
You hit the gnoll but do no damage.
The gnoll bouda hits you with a +0 club.
The gnoll barely misses you.
You hit the gnoll bouda.
The gnoll bouda is moderately wounded.
You hit the gnoll. The gnoll bouda misses you.
The gnoll hits you with a +0 flail.
You hit the gnoll bouda but do no damage.
Your peck misses the gnoll bouda.
The gnoll bouda is moderately wounded.
You hit the gnoll.
The gnoll bouda gazes fiercely through you!
You feel your attacks grow feeble. The gnoll bouda closely misses you.
You hit the gnoll bouda but do no damage.
Your kick misses the gnoll bouda.
The gnoll bouda is moderately wounded.
You hit the gnoll but do no damage. The gnoll hits you but does no damage.
The gnoll bouda hits you with a +0 club.
You closely miss the gnoll bouda.
The gnoll bouda is moderately wounded.
You hit the gnoll but do no damage. The gnoll hits you with a +0 flail!
The gnoll bouda hits you with a +0 club!
You die...

##.#.# ##.#.#
...... ##.#.# #..
..:.. .....# #.#
..... .#...# #.#
#... .....# #.#
#g.# .....######.#
#Sg#####.
............#
#ggg.....
..#.#######.## #@#
..#.######...###.##
..#........#.....(#
#.########...###..#
#.# ##.## #..# #..
##### #.## #.# #..#
#..# #.... .... ..#
#..# #..# #.###
#.## ..## #..#
##..####.### # ##.
.... ...........


You could see a gnoll bouda, 4 gnolls and an adder.

Vanquished Creatures
  2 black bears (D:4)
  A phantom (D:4)
  2 jellies (D:4)
  A gnoll (D:4)
  5 adders
  2 river rats (Sewer)
  A worm (D:4)
  2 orcs (D:4)
  7 bats
  7 endoplasms
  3 giant cockroaches (D:2)
  4 goblins
  7 hobgoblins
  2 jackals (D:2)
  3 kobolds
  2 quokkas
  4 ball pythons
  5 frilled lizards
  9 rats
69 creatures vanquished.

Notes
Turn   | Place    | Note
-------+----------+-------------------------------------------
     0 | D:1      | qw the Tengu Warper began the quest for the Orb.
     0 | D:1      | Reached XP level 1. HP: 12/12 MP: 4/4
     0 | D:1      | 0 ||| qw: Version: 0.1-a-89-g26bdef1
     0 | D:1      | 0 ||| qw: Game counter: 1511
     0 | D:1      | 0 ||| qw: Always use a shield: true
     0 | D:1      | 0 ||| qw: God list: Okawaru
     0 | D:1      | 0 ||| qw: Allow faded altars: false
     0 | D:1      | 0 ||| qw: Do Orc after D:15 true
     0 | D:1      | 0 ||| qw: Do second Lair branch before Depths: true
     0 | D:1      | 0 ||| qw: Lair rune preference: random
     0 | D:1      | 0 ||| qw: Plans: Normal
     0 | D:1      | 0 ||| PLANNING D:1-11
   137 | D:1      | 137 ||| Stepping ~*~*~tactically~*~*~ (stealth).
   151 | D:1      | Reached XP level 2. HP: 12/17 MP: 6/6
   199 | D:1      | Reached skill level 3 in Axes
   416 | D:1      | 416 ||| DROPPING +0 club.
   813 | D:1      | Found a faded altar of an unknown god.
  1091 | D:1      | Reached XP level 3. HP: 21/21 MP: 7/7
  1260 | D:1      | 1260 ||| UPGRADING to +0 scale mail.
  1270 | D:1      | 1270 ||| DROPPING +0 leather armour.
  1271 | D:1      | 1271 ||| READING 2 scrolls labelled TUIR JOZAUTET.
  1388 | D:1      | 1388 ||| READING scroll labelled LOCKOIBBEN.
  1389 | D:1      | 1389 ||| READING scroll labelled NESELU SOGAI.
  1393 | D:1      | 1393 ||| READING scroll labelled DINEUSSAOC.
  1394 | D:1      | 1394 ||| READING scroll labelled VYLE WIHUTT.
  1395 | D:1      | 1395 ||| DROPPING scroll of torment.
  1396 | D:1      | 1396 ||| DROPPING scroll of blinking.
  1397 | D:1      | 1397 ||| Stepping randomly (stuck).
  1398 | D:1      | 1398 ||| Stepping ~*~*~tactically~*~*~ (cloud).
  1675 | D:2      | Reached skill level 4 in Axes
  1790 | D:2      | You fall into a shaft and drop 2 floors!
  1791 | D:4      | 1791 ||| PLANNING SEWER
  1791 | D:4      | Noticed a black bear
  1798 | D:4      | Killed a black bear
  1799 | D:4      | Reached skill level 5 in Axes
  1799 | D:4      | Reached XP level 4. HP: 25/26 MP: 8/8
  1799 | D:4      | Gained mutation: Your magical nature lets you fly swiftly
                  | and evasively. [Tengu growth]
  1799 | D:4      | Reached XP level 5. HP: 29/30 MP: 9/9
  1819 | D:4      | Found a glowing golden altar of the Shining One.
  1849 | D:4      | 1849 ||| Stepping ~*~*~tactically~*~*~ (stealth).
  1881 | D:4      | Found a glowing drain.
  1931 | Sewer    | Entered a sewer
  1949 | Sewer    | Reached skill level 6 in Axes
  1960 | Sewer    | 1960 ||| Stepping ~*~*~tactically~*~*~ (stealth).
  2453 | Sewer    | 2453 ||| READING 2 scrolls labelled KIVOUH GAXT.
  2454 | Sewer    | 2454 ||| READING 2 scrolls labelled CUNUXIG TUOCAR.
  2455 | Sewer    | 2455 ||| DRINKING 3 sedimented clear potions.
  2456 | Sewer    | 2456 ||| DRINKING 2 murky orange potions.
  2457 | Sewer    | 2457 ||| DROPPING scroll of summoning.
  2458 | Sewer    | 2458 ||| DROPPING 2 potions of magic.
  2495 | D:4      | 2495 ||| PLANNING D:1-11
  2523 | D:4      | 2523 ||| Stepping ~*~*~tactically~*~*~ (stealth).
  2547 | D:4      | Reached XP level 6. HP: 26/35 MP: 10/10
  2687 | D:4      | Noticed a black bear
  2688 | D:4      | 2688 ||| Stepping ~*~*~tactically~*~*~ (stealth).
  2703 | D:4      | HP: 7/35 [black bear (6)]
  2706 | D:4      | Killed a black bear
  2707 | D:4      | Reached skill level 7 in Axes
  3065 | D:4      | Identified the ring "Oteof" {*Corrode Str-4 Int+5 Slay+2
                  | SInv}
  3107 | D:4      | 3107 ||| Stepping ~*~*~tactically~*~*~ (stealth).
  3117 | D:4      | 3117 ||| Stepping ~*~*~tactically~*~*~ (stealth).
  3119 | D:4      | 3119 ||| Stepping ~*~*~tactically~*~*~ (stealth).
  3123 | D:4      | Reached skill level 3 in Fighting
  3130 | D:4      | 3130 ||| Stepping ~*~*~tactically~*~*~ (stealth).
  3154 | D:4      | Reached XP level 7. HP: 39/41 MP: 11/11
  3196 | D:4      | 3196 ||| Stepping ~*~*~tactically~*~*~ (stealth).
  3198 | D:4      | 3198 ||| Stepping ~*~*~tactically~*~*~ (hiding).
  3214 | D:4      | HP: 6/41 [gnoll/+0 flail[a gnoll bouda] (7)]
  3214 | D:4      | Slain by a gnoll bouda

Levels and vault maps discovered:
D:1:      dpeg_arrival_oval, layout_basic, dreamdust_ecumenical_altar_grove
D:2:      layout_basic, kennysheep_generic_room_8, uniq_terence
D:4:      layout_loops_ring, kennysheep_little_box, tso_metal_star,
          mainiacjoe_overflow_chevrons, cheibrodos_sewer_entry_sluice

Skill      XL: |  1  2  3  4  5  6 |
---------------+-------------------+-----
Axes           | 3 5 6 7 |  7.5
Fighting       | 3 |  3.2
Throwing       | |  1.0
Armour         | |  1.1
Dodging        | |  2.1
Spellcasting   | |  2.0
Translocations | |  2.4

Action                   |  1- 3 |  4- 6 |  7- 9 || total
-------------------------+-------+-------+-------++-------
Melee: Hand axe          |    75 |   113 |    10 ||   198
       Kick              |    17 |    25 |     2 ||    44
       Peck              |     8 |    22 |     4 ||    34
       Punch             |     1 |       |       ||     1
Throw: Boomerang         |     7 |       |       ||     7
  Use: Scroll            |     5 |     2 |       ||     7
       Potion            |       |     2 |       ||     2
Armor: Leather armour    |    18 |       |       ||    18
       Scale mail        |    13 |    42 |     2 ||    57
Dodge: Dodged            |    29 |    53 |     7 ||    89

Table legend:
 A = Non-vault XP
 B = Vault XP
 C = Vault XP percentage of total XP
 D = Non-vault monster count
 E = Vault monster count
 F = Vault count percentage of total count
                 A         B        C        D         E       F
            +---------+---------+-------+---------+---------+-------
      Total |     562 |      91 |  13.9 |      46 |      23 |  33.3
            +---------+---------+-------+---------+---------+-------
        D:1 |      38 |       0 |   0.0 |      20 |       0 |   0.0
        D:2 |      15 |       0 |   0.0 |       9 |       0 |   0.0
        D:4 |     509 |       8 |   1.5 |      17 |       4 |  19.0
      Sewer |       0 |      83 | 100.0 |       0 |      19 | 100.0
            +---------+---------+-------+---------+---------+-------
